 Dungeon Crawl Stone Soup version 0.31-a0-151-ge443d1f16c (webtiles) character file.

Game seed: 12400137648059585783

187644 qw the Crack Shot (level 18, -21/125 HPs)
             Began as a Gargoyle Hunter on June 8, 2023.
             Was a High Priest of Okawaru.
             Demolished by a naga warrior
             ... wielding a +0 glaive of venom
              (40 damage)
             ... on level 4 of the Snake Pit.
             The game lasted 00:13:01 (24603 turns).

qw the Crack Shot (Gargoyle Hunter)                Turns: 24603, Time: 00:13:02

Health: -21/125    AC: 28    Str: 11    XL:     18   Next: 52%
Magic:  25/25      EV: 39    Int: 10    God:    Okawaru [*****.]
Gold:   440        SH:  5    Dex: 31    Spells: 17/17 levels left

rFire   . . .        B - +9 triple crossbow (freeze)
rCold   . . .        (shield currently unavailable)
rNeg    + . .        z - +1 robe of Vines {NoPotionHeal Regen++++}
rPois   inf          r - +2 helmet
rElec   +            q - scarf {repulsion}
rCorr   .            x - +2 pair of gloves
SInv    +            h - +2 pair of boots
Will    +....        g - amulet of reflection
Stlth   +++++        Y - +5 ring of evasion
HPRegen 3.60/turn    E - ring "Xippa" {Contam Str-4 Dex+8 SInv Stlth+}
MPRegen 0.19/turn

%: repel missiles, reflection
@: about to teleport, heroic, weakened, flying
A: sickness immunity, AC +13, big wings, negative energy resistance 1,
electricity resistance, torment resistance 1, petrification resistance, agile 1
a: Renounce Religion, Heroism, Finesse, Duel


You were on level 4 of the Snake Pit.
You worshipped Okawaru.
Okawaru was extremely pleased with you.
You visited 6 branches of the dungeon, and saw 31 of its levels.
You also visited: Ossuary.

You collected 4889 gold pieces.
You spent 4449 gold pieces at shops.


Innate Abilities, Weirdness & Mutations

You are immune to sickness and miasma.
Your stone body is resilient. (AC +13)
You are immune to poison.
Your large and strong wings let you fly.
You resist negative energy. (rN+)
You are resistant to electric shocks. (rElec)
You are resistant to unholy torment.
You are immune to petrification.
You are agile. (Dex +4, Str/Int -1)


   Skills:
 - Level 18.0(23.0) Fighting
 - Level 22.0(27) Ranged Weapons
 - Level 6.1(11.1) Armour
 + Level 13.3(18.3) Dodging
 - Level 1.1(6.1) Stealth
 - Level 10.0 Invocations


You had 17 spell levels left.
You didn't know any spells.
Your spell library was empty.

Inventory:

Hand Weapons
 B - a +9 triple crossbow of freezing (weapon)
Armour
 h - a +2 pair of boots (worn)
 n - a +0 cloak
 q - a scarf of repulsion (worn)
 r - a +2 helmet (worn)
 x - a +2 pair of gloves (worn)
 y - a +2 hat of see invisible
 z - the +1 robe of Vines (worn) {NoPotionHeal Regen++++}
   (You found it on level 9 of the Dungeon)

   NoPotionHeal: Its wearer cannot be healed by potions.
   Regen:     It increases your rate of health regeneration.
Jewellery
 g - an amulet of reflection (around neck)
 E - the ring "Xippa" (right hand) {Contam Str-4 Dex+8 SInv Stlth+}
   (You bought it in a shop on level 3 of the Snake Pit)

   [ring of see invisible]

   Str:       It affects your strength (-4).
   Dex:       It affects your dexterity (+8).
   SInv:      It lets you see invisible.
   Contam:    It causes magical contamination when unequipped.
   Stlth:     It makes you more stealthy.
 Y - a +5 ring of evasion (left hand)
Wands
 v - a wand of digging (43)
Scrolls
 a - 22 scrolls of identify
 j - 20 scrolls of teleportation
 k - 2 scrolls of enchant weapon
Potions
 b - 2 potions of might
 c - 4 potions of magic
 d - 5 potions of haste
 e - 14 potions of curing
 m - 5 potions of resistance
 p - 3 potions of cancellation
 t - 11 potions of heal wounds
 u - 4 potions of mutation

Dungeon Overview and Level Annotations

Branches:
Dungeon (15/15)            Temple (1/1) D:5            Lair (5/5) D:8
  Swamp (4/4) Lair:3        Snake (4/4) Lair:3        Slime (0/5) Lair:5
    Orc (2/2) D:12            Elf (0/3) Orc:2        Vaults (0/5) D:14
 Depths (0/4) D:15        Ossuary (visited)

Altars:
Ashenzari
Cheibriados
Dithmenos
Elyvilon
Fedhas
Gozag
Hepliaklqana
Kikubaaqudgha
Makhleb
Nemelex Xobeh
Okawaru
Qazlal
Ru
Sif Muna
Trog
Uskayaw
Vehumet
Wu Jian
Xom
Yredelemnul
Zin
The Shining One
Jiyva

Shops:
D:8 (   D:10 *   D:11 ?   D:14 ?   Orc:1 :   Orc:2 *[*(=   Snake:3 ==:

Annotations:
D:3 2 transporters
D:4 Dowan, Duvessa
D:15 2 transporters, Yamstis's ghost, adept GnMo
Lair:5 2 runed translucent doors, qw's ghost, journeyman GrFi


Message History

The lance of force misses you.
The lance of force hits the naga warrior!!
The naga warrior is knocked back by the lance of force.
The naga warrior collides with the naga mage!
The naga mage is moderately wounded.
The naga warrior is moderately wounded.
The naga mage completely misses you. The naga warrior completely misses you.
The naga sharpshooter casts a spell.
The naga sharpshooter magically shoots an arrow.
The arrow misses you.
The naga warrior roars a battlecry!
The nagas go into a battle-frenzy!
The naga sharpshooter gestures wildly while chanting.
Enter note:
Enter note:
Enter note:
Enter note:
Enter note:
Enter note:
Enter note:
Enter note:
24603 ||| READING 21 scrolls of teleportation.
As you read the scroll of teleportation, it crumbles to dust.
You feel strangely unstable.
The naga warrior no longer looks unusually strong.
The naga no longer looks unusually strong.
The naga no longer looks unusually toxic.
The naga warrior no longer looks unusually strong.
The naga sharpshooter casts a spell.
The naga sharpshooter magically shoots a bolt.
The bolt misses you. The naga mage completely misses you.
The naga warrior completely misses you. The naga mage spits poison at you.
The splash of poison misses you.
The splash of poison hits the naga sharpshooter.
The naga sharpshooter completely resists.
The naga warrior roars a battlecry!
The nagas go into a battle-frenzy!
The salamander mystic hits you but does no damage.
The naga warrior hits you with a +0 glaive of venom!!!
You die...

#.# .#....... #.# ...
.....#....N ##.# ...
.N....#... #.<# ....
.N........ ##..#
....###N..N....# #..##
....#.NNN.NN.#.. ##..#
#...NSN...... ...##
#.N#NNN..#... ....#
#N.@NNN...... #...##
#..NN........ #....#
#....N....... ...%.#
#########...##...# ...###
.....# ##......##
.)..####......###......##
.)).......)....#..#.....#
.....%...........##.......
................##........


You could see 6 naga warriors, 6 naga sharpshooters, 2 salamander mystics, an
anaconda, 3 naga magi and 4 nagas.

Vanquished Creatures
  Saint Roka (Orc:2)
  Nikola (Swamp:3)
  Rupert (Orc:2)
  3 nagarajas
  A frost giant (D:15)
  Nessos (Lair:3)
  2 bunyips
  2 eleionomae
  Josephine (Lair:5)
  Harold (D:11)
  A fire dragon (D:14)
  3 salamander tyrants
  2 vault guards (D:14)
  13 hydras
  Erica (D:11)
  Fannar (Lair:2)
  A spriggan air mage (Swamp:3)
  A death knight (D:14)
  A ghost crab (Swamp:3)
  An alligator snapping turtle (Snake:3)
  8 anacondas
  6 centaur warriors
  5 boulder beetles
  6 two-headed ogres
  5 tengu warriors
  9 alligators
  A deep troll earth mage (D:15)
  A death yak (Lair:5)
  10 naga warriors
  3 naga sharpshooters
  Urug (Orc:2)
  9 shock serpents
  2 spriggan berserkers (Swamp:3)
  An orc high priest (Orc:2)
  2 hell knights (D:10)
  4 skeletal warriors (D:11)
  4 skysharks
  Lodul (D:14)
  Amaemon (Lair:3)
  3 salamander mystics
  4 sea snakes (Snake:3)
  7 spriggan druids
  5 goliath frogs
  2 swamp dragons
  3 naga ritualists
  2 bog bodies (Swamp:1)
  A wizard (D:14)
  A wolf spider (Lair:5)
  Pikel (D:9)
  A deep elf pyromancer (D:14)
  A phantasmal warrior (D:14)
  9 mana vipers
  3 necromancers (D:14)
  5 orc sorcerers
  7 lindwurms
  4 orc knights
  3 steelbarb worms (Swamp:2)
  6 will-o-the-wisps
  5 ugly things (D:15)
  9 salamanders
  3 cyclopes
  3 manticores
  7 guardian serpents
  6 elephants (Lair:5)
  6 torpor snails (Lair:5)
  33 black mambas
  11 naga magi
  15 cane toads
  A gargoyle (D:9)
  An orange demon (Lair:3)
  10 komodo dragons
  A freezing wraith (D:14)
  A kobold demonologist (D:12)
  An unseen horror (D:10)
  4 rime drakes
  2 tengu conjurers
  An efreet (D:15)
  A bloated husk (Swamp:2)
  4 polar bears
  Prince Ribbit (Lair:2)
  7 trolls
  14 tyrant leeches
  22 hornets
  27 blink frogs
  A snapping turtle (Snake:3)
  8 slime creatures
  Sigmund (D:6)
  2 shadows
  8 wraiths
  A centaur simulacrum (D:11)
  15 spriggans
  A vampire (D:11)
  9 wyverns
  6 basilisks
  18 humans (D:14)
  50 yaks
  2 steam dragons
  3 redbacks (Lair:5)
  6 vampire mosquitoes
  4 wargs
  27 nagas
  20 swamp worms
  25 water moccasins
  2 acid dragons
  3 hell hounds (D:10)
  An ice beast (D:7)
  A meliai simulacrum (D:11)
  3 swamp drakes
  24 orc warriors
  A sky beast (D:6)
  6 black bears
  9 ogres
  2 phantoms
  16 centaurs
  21 wolves
  A lemure (D:9)
  10 bullfrogs
  4 kobold brigands
  Blork the orc (Orc:2)
  6 scorpions
  13 wights
  8 killer bees
  2 electric eels (D:10)
  3 howler monkeys
  2 hounds
  2 jellies
  21 orc priests
  Jessica (D:3)
  5 iguanas
  19 orc wizards
  A sleepcap (D:7)
  5 hell rats (Lair:5)
  A boggart simulacrum (D:11)
  9 gnolls
  7 adders
  3 river rats (Lair:5)
  A white imp (D:11)
  3 ufetubi
  4 worms
  2 dart slugs
  57 orcs
  5 bats
  7 endoplasms
  3 giant cockroaches
  7 hobgoblins
  12 jackals
  5 quokkas
  5 ball pythons
  2 frilled lizards
  6 goblins
  6 hobgoblin zombies (Ossuary)
  27 kobolds
  9 kobold zombies (Ossuary)
  5 orc zombies (Ossuary)
  6 rats
974 creatures vanquished.

Vanquished Creatures (others)
  12 foxfires
12 creatures vanquished.

Grand Total: 986 creatures vanquished

Notes
Turn   | Place    | Note
-------+----------+-------------------------------------------
     0 | D:1      | qw the Gargoyle Hunter began the quest for the Orb.
     0 | D:1      | Reached XP level 1. HP: 12/12 MP: 1/1
     0 | D:1      | 0 ||| qw: Version: 0.2-a-120-gdf1a93b
     0 | D:1      | 0 ||| qw: Game counter: 3046
     0 | D:1      | 0 ||| qw: Always use a shield: true
     0 | D:1      | 0 ||| qw: God list: Okawaru
     0 | D:1      | 0 ||| qw: Allow faded altars: false
     0 | D:1      | 0 ||| qw: Do Orc after D:15 true
     0 | D:1      | 0 ||| qw: Do second Lair branch before Depths: true
     0 | D:1      | 0 ||| qw: Lair rune preference: random
     0 | D:1      | 0 ||| qw: Plans: Normal
     0 | D:1      | 0 ||| PLANNING D:1-11
    31 | D:1      | Reached XP level 2. HP: 17/17 MP: 2/2
    91 | D:1      | HP: 3/17 [ball python (2)]
   337 | D:1      | Reached XP level 3. HP: 21/21 MP: 3/3
   340 | D:1      | Reached skill level 5 in Ranged Weapons
   534 | D:1      | Found a faded altar of an unknown god.
   600 | D:1      | 600 ||| UPGRADING to ring of protection from cold.
   601 | D:1      | 601 ||| READING 3 scrolls labelled HAYRAMU KUUXT.
   602 | D:1      | 602 ||| READING 2 scrolls of identify.
   602 | D:1      | 602 ||| IDENTIFYING golden potion
   603 | D:1      | 603 ||| DROPPING scroll of butterflies.
   703 | D:2      | Reached skill level 3 in Fighting
   744 | D:2      | Reached XP level 4. HP: 28/28 MP: 4/4
  1317 | D:2      | 1317 ||| UPGRADING to +2 pair of boots.
  1322 | D:2      | 1322 ||| READING scroll labelled JASERECZOV.
  1325 | D:2      | 1325 ||| READING 3 scrolls of identify.
  1325 | D:2      | 1325 ||| IDENTIFYING fizzy golden potion
  1326 | D:2      | 1326 ||| READING 2 scrolls of identify.
  1326 | D:2      | 1326 ||| IDENTIFYING lumpy brown potion
  1327 | D:2      | 1327 ||| DROPPING potion of attraction.
  1397 | D:3      | Noticed Jessica
  1398 | D:3      | Killed Jessica
  1399 | D:3      | Reached XP level 5. HP: 32/32 MP: 5/5
  1512 | D:3      | Found a transporter.
  1520 | D:3      | 1520 ||| READING 2 scrolls of identify.
  1520 | D:3      | 1520 ||| IDENTIFYING fizzy grey potion
  1533 | D:3      | Found a transporter.
  1639 | D:3      | Reached skill level 6 in Ranged Weapons
  1956 | D:3      | 1956 ||| UPGRADING to +0 helmet.
  1961 | D:3      | 1961 ||| READING scroll labelled XADAET COSIPN.
  1962 | D:3      | 1962 ||| READING scroll labelled SASUAW PIETWE.
  1963 | D:3      | 1963 ||| DRINKING 2 fuming green potions.
  2034 | D:4      | Reached skill level 1 in Armour
  2154 | D:4      | Noticed Dowan
  2156 | D:4      | Noticed Duvessa
  2167 | D:4      | HP: 5/32 [Duvessa/+0 rapier (5)]
  2167 | D:4      | HP: 1/32 [Duvessa/+0 rapier (4)]
  2168 | D:4      | 2168 ||| READING 2 scrolls of teleportation.
  2169 | D:4      | 2169 ||| DRINKING 2 potions of heal wounds.
  2668 | D:4      | Found a shimmering altar of Xom.
  2672 | D:4      | 2672 ||| UPGRADING to scarf of repulsion.
  2677 | D:4      | 2677 ||| READING scroll labelled FYUMUI OWAMYT.
  2678 | D:4      | 2678 ||| READING scroll labelled ALEWIMN HAKEDGH.
  2678 | D:4      | Identified a scroll of acquirement
  2678 | D:4      | 2678 ||| ACQUIRING +8 longbow "Cocvef" {drain, rF- rCorr
                  | Dex+3}
  2678 | D:4      | Acquired the +8 longbow "Cocvef" {drain, rF- rCorr Dex+3}
  2680 | D:4      | 2680 ||| SWAPPING to +8 longbow "Cocvef" {drain, rF- rCorr
                  | Dex+3}.
  2681 | D:4      | 2681 ||| DROPPING +0 shortbow.
  2682 | D:4      | 2682 ||| READING 2 scrolls labelled GUNIBL CIETHO.
  2683 | D:4      | 2683 ||| READING 3 scrolls of identify.
  2683 | D:4      | 2683 ||| IDENTIFYING grey potion
  2684 | D:4      | 2684 ||| READING 2 scrolls of identify.
  2684 | D:4      | 2684 ||| IDENTIFYING puce potion
  2685 | D:4      | 2685 ||| DROPPING potion of brilliance.
  2686 | D:4      | 2686 ||| DROPPING scroll of poison.
  2722 | D:5      | Entered Level 5 of the Dungeon
  2724 | D:5      | 2724 ||| STAIRDANCE
  2727 | D:4      | Reached XP level 6. HP: 29/38 MP: 6/6
  2764 | D:5      | 2764 ||| Stepping ~*~*~tactically~*~*~ (outnumbered).
  3022 | D:5      | Found a staircase to the Ecumenical Temple.
  3023 | D:5      | 3023 ||| PLANNING TEMPLE
  3023 | D:5      | 3023 ||| UPGRADING to ring of protection from cold.
  3024 | D:5      | 3024 ||| READING scroll labelled SITZETOR SUEPT.
  3025 | D:5      | 3025 ||| READING scroll labelled EVIASO ATIXAA.
  3033 | Temple   | Entered the Ecumenical Temple
  3033 | Temple   | Found a transporter.
  3033 | Temple   | Found a transporter.
  3035 | Temple   | Found a transporter.
  3035 | Temple   | Found a transporter.
  3044 | Temple   | 3044 ||| PLANNING OKAWARU WORSHIP
  3051 | Temple   | Became a worshipper of Warmaster Okawaru
  3051 | Temple   | 3051 ||| PLANNING D:1-11
  3115 | D:5      | Found a bloodstained altar of Trog.
  3140 | D:5      | Noticed a water moccasin
  3142 | D:5      | Killed a water moccasin
  3143 | D:5      | Reached skill level 7 in Ranged Weapons
  3143 | D:5      | Reached XP level 7. HP: 43/43 MP: 7/7
  3259 | D:5      | Reached * piety under Okawaru
  3323 | D:5      | 3323 ||| INVOKING Heroism.
  3324 | D:5      | 3324 ||| INVOKING Heroism.
  3329 | D:5      | Reached skill level 8 in Ranged Weapons
  3527 | D:6      | Reached XP level 8. HP: 32/49 MP: 8/8
  3638 | D:6      | 3638 ||| INVOKING Heroism.
  3645 | D:6      | HP: 12/49 [gnoll/+0 halberd[a gnoll sergeant] (8)]
  3646 | D:6      | 3646 ||| READING 2 scrolls of teleportation.
  3647 | D:6      | 3647 ||| DRINKING potion of heal wounds.
  3649 | D:6      | Reached skill level 1 in Invocations
  3650 | D:6      | 3650 ||| INVOKING Heroism.
  3697 | D:6      | 3697 ||| INVOKING Heroism.
  3729 | D:6      | Reached skill level 9 in Ranged Weapons
  3729 | D:6      | Reached skill level 3 in Invocations
  3808 | D:6      | 3808 ||| INVOKING Heroism.
  3884 | D:6      | Noticed Sigmund
  3885 | D:6      | 3885 ||| INVOKING Heroism.
  3889 | D:6      | Killed Sigmund
  3894 | D:6      | Reached skill level 6 in Fighting
  3953 | D:6      | 3953 ||| INVOKING Heroism.
  4020 | D:6      | Reached skill level 3 in Dodging
  4191 | D:6      | 4191 ||| UPGRADING to +1 pair of gloves.
  4196 | D:6      | 4196 ||| UPGRADING to +0 ring mail.
  4206 | D:6      | 4206 ||| DROPPING +0 leather armour.
  4207 | D:6      | 4207 ||| UPGRADING to amulet of reflection.
  4212 | D:6      | 4212 ||| DROPPING amulet of the acrobat.
  4213 | D:6      | 4213 ||| READING scroll labelled OLYTEORCH QUPPE.
  4214 | D:6      | 4214 ||| DRINKING 2 clear potions.
  4214 | D:6      | Gained mutation: You are agile. (Dex +4, Str/Int -1)
                  | [potion of mutation]
  4214 | D:6      | Gained mutation: Your large and strong wings let you fly.
                  | [potion of mutation]
  4231 | D:7      | 4231 ||| PLANNING OSSUARY
  4343 | D:7      | Reached XP level 9. HP: 55/55 MP: 12/12
  4518 | D:7      | Found a sand-covered staircase.
  4523 | Ossuary  | Entered an ossuary
  4645 | D:7      | 4645 ||| PLANNING D:1-11
  4658 | D:7      | Reached skill level 3 in Armour
  4714 | D:7      | 4714 ||| Stepping ~*~*~tactically~*~*~ (outnumbered).
  4718 | D:7      | 4718 ||| Stepping ~*~*~tactically~*~*~ (outnumbered).
  4832 | D:7      | Reached ** piety under Okawaru
  4869 | D:7      | Reached skill level 10 in Ranged Weapons
  5564 | D:8      | 5564 ||| Stepping ~*~*~tactically~*~*~ (outnumbered).
  5570 | D:8      | 5570 ||| FLEEEEING.
  5573 | D:8      | 5573 ||| FLEEEEING.
  5574 | D:8      | 5574 ||| FLEEEEING.
  5575 | D:8      | 5575 ||| FLEEEEING.
  5576 | D:8      | 5576 ||| STAIRDANCE
  5597 | D:8      | 5597 ||| DRINKING 6 potions of curing.
  5597 | D:8      | 5597 ||| (to cure confusion)
  5625 | D:8      | Found Jaharph's Weapon Emporium.
  5644 | D:8      | 5644 ||| INVOKING Heroism.
  5815 | D:8      | 5815 ||| INVOKING Heroism.
  5921 | D:8      | Found a glowing golden altar of the Shining One.
  5947 | D:8      | Noticed a komodo dragon
  5948 | D:8      | 5948 ||| INVOKING Heroism.
  5959 | D:8      | 5959 ||| UPGRADING to +0 steam dragon scales.
  5965 | D:8      | Killed a komodo dragon
  5971 | D:8      | Reached skill level 11 in Ranged Weapons
  5971 | D:8      | Reached XP level 10. HP: 59/63 MP: 13/13
  5985 | D:8      | 5985 ||| UPGRADING to +0 steam dragon scales.
  5990 | D:8      | 5990 ||| DROPPING +0 ring mail.
  5994 | D:8      | Found a staircase to the Lair.
  6036 | D:8      | 6036 ||| INVOKING Heroism.
  6117 | D:8      | 6117 ||| INVOKING Heroism.
  6369 | D:8      | 6369 ||| INVOKING Heroism.
  6574 | D:8      | 6574 ||| PLANNING LAIR
  6574 | D:8      | 6574 ||| READING scroll labelled IQUGIDDUXU.
  6675 | D:8      | 6675 ||| READING scroll labelled RUMUASTRIONN.
  6676 | D:8      | 6676 ||| READING 2 scrolls of identify.
  6676 | D:8      | 6676 ||| IDENTIFYING pink potion
  6703 | Lair:1   | Entered Level 1 of the Lair of Beasts
  6746 | Lair:1   | Reached *** piety under Okawaru
  6749 | Lair:1   | Reached skill level 12 in Ranged Weapons
  6840 | Lair:1   | 6840 ||| INVOKING Heroism.
  6940 | Lair:1   | 6940 ||| INVOKING Heroism.
  7060 | Lair:1   | Reached **** piety under Okawaru
  7163 | Lair:1   | 7163 ||| INVOKING Heroism.
  7176 | Lair:1   | Reached XP level 11. HP: 68/68 MP: 12/14
  7274 | Lair:1   | 7274 ||| INVOKING Heroism.
  7278 | Lair:1   | Reached skill level 6 in Invocations
  7284 | Lair:1   | Reached skill level 13 in Ranged Weapons
  7338 | Lair:1   | 7338 ||| READING scroll of acquirement.
  7338 | Lair:1   | 7338 ||| ACQUIRING +2 longbow of flaming
  7338 | Lair:1   | Acquired a +2 longbow of flaming
  7664 | Lair:1   | 7664 ||| READING 3 scrolls of identify.
  7664 | Lair:1   | 7664 ||| IDENTIFYING inky potion
  7665 | Lair:1   | 7665 ||| READING 2 scrolls of identify.
  7665 | Lair:1   | 7665 ||| IDENTIFYING lumpy puce potion
  7666 | Lair:1   | 7666 ||| DROPPING potion of lignification.
  7703 | Lair:2   | 7703 ||| INVOKING Heroism.
  7733 | Lair:2   | Noticed Fannar
  7741 | Lair:2   | Killed Fannar
  7741 | Lair:2   | Received a gift from Okawaru
  7783 | Lair:2   | Reached ***** piety under Okawaru
  7790 | Lair:2   | Noticed an eight-headed hydra
  7791 | Lair:2   | 7791 ||| INVOKING Heroism.
  7793 | Lair:2   | Reached skill level 9 in Fighting
  7798 | Lair:2   | 7798 ||| SWAPPING to +2 longbow of flaming.
  7800 | Lair:2   | Killed an eight-headed hydra
  7801 | Lair:2   | 7801 ||| SWAPPING to +8 longbow "Cocvef" {drain, rF- rCorr
                  | Dex+3}.
  7826 | Lair:2   | Identified the +9 halberd "Motzoc" {freeze, Dex+4}
  7827 | Lair:2   | 7827 ||| INVOKING Heroism.
  7841 | Lair:2   | Noticed a boulder beetle
  7842 | Lair:2   | 7842 ||| INVOKING Finesse.
  7858 | Lair:2   | 7858 ||| INVOKING Heroism.
  7863 | Lair:2   | Killed a boulder beetle
  7926 | Lair:2   | 7926 ||| INVOKING Heroism.
  7934 | Lair:2   | Received a gift from Okawaru
  7935 | Lair:2   | Reached skill level 9 in Invocations
  7935 | Lair:2   | Reached XP level 12. HP: 76/76 MP: 16/18
  7998 | Lair:2   | 7998 ||| INVOKING Heroism.
  8010 | Lair:2   | Noticed Prince Ribbit
  8012 | Lair:2   | Killed Prince Ribbit
  8013 | Lair:2   | Reached skill level 14 in Ranged Weapons
  8046 | Lair:2   | Noticed a skyshark
  8050 | Lair:2   | Killed a skyshark
  8194 | Lair:2   | 8194 ||| READING scroll labelled SUOBOX BESUS.
  8271 | Lair:3   | Received a gift from Okawaru
  8272 | Lair:3   | Reached skill level 6 in Dodging
  8402 | Lair:3   | Noticed a skyshark
  8411 | Lair:3   | 8411 ||| INVOKING Heroism.
  8413 | Lair:3   | Killed a skyshark
  8428 | Lair:3   | Noticed Amaemon
  8432 | Lair:3   | 8432 ||| Stepping ~*~*~tactically~*~*~ (outnumbered).
  8442 | Lair:3   | Killed Amaemon
  8453 | Lair:3   | Found a staircase to the Snake Pit.
  8479 | Lair:3   | 8479 ||| INVOKING Heroism.
  8650 | Lair:3   | Reached skill level 15 in Ranged Weapons
  8655 | Lair:3   | Found a staircase to the Swamp.
  8721 | Lair:3   | Noticed a six-headed hydra
  8722 | Lair:3   | 8722 ||| INVOKING Heroism.
  8723 | Lair:3   | 8723 ||| INVOKING Finesse.
  8727 | Lair:3   | Killed a six-headed hydra
  8874 | Lair:3   | Noticed Nessos
  8875 | Lair:3   | 8875 ||| INVOKING Finesse.
  8880 | Lair:3   | Killed Nessos
  9180 | Lair:3   | 9180 ||| UPGRADING to +2 hat of see invisible.
  9190 | Lair:3   | 9190 ||| DROPPING +0 helmet.
  9191 | Lair:3   | 9191 ||| READING scroll labelled NUCZALL UGRAFELL.
  9240 | Lair:3   | 9240 ||| DRINKING 2 red potions.
  9241 | Lair:3   | 9241 ||| READING 5 scrolls of identify.
  9241 | Lair:3   | 9241 ||| IDENTIFYING sapphire potion
  9242 | Lair:3   | 9242 ||| READING 4 scrolls of identify.
  9242 | Lair:3   | 9242 ||| IDENTIFYING bubbling blue potion
  9243 | Lair:3   | 9243 ||| DROPPING potion of enlightenment.
  9244 | Lair:3   | 9244 ||| DROPPING potion of degeneration.
  9245 | Lair:3   | 9245 ||| DROPPING potion of ambrosia.
  9279 | Lair:4   | Reached XP level 13. HP: 82/82 MP: 20/20
  9448 | Lair:4   | 9448 ||| INVOKING Heroism.
  9477 | Lair:4   | 9477 ||| FLEEEEING.
  9478 | Lair:4   | 9478 ||| FLEEEEING.
  9479 | Lair:4   | 9479 ||| FLEEEEING.
  9480 | Lair:4   | 9480 ||| FLEEEEING.
  9481 | Lair:4   | 9481 ||| FLEEEEING.
  9482 | Lair:4   | 9482 ||| FLEEEEING.
  9483 | Lair:4   | 9483 ||| STAIRDANCE
  9587 | Lair:4   | 9587 ||| INVOKING Heroism.
  9686 | Lair:4   | Reached skill level 16 in Ranged Weapons
  9952 | Lair:5   | Entered Level 5 of the Lair of Beasts
  9953 | Lair:5   | 9953 ||| INVOKING Heroism.
 10025 | Lair:5   | 10025 ||| STAIRDANCE
 10070 | Lair:5   | 10070 ||| INVOKING Heroism.
 10216 | Lair:5   | Found a runed translucent door.
 10217 | Lair:5   | Noticed a fire dragon
 10218 | Lair:5   | 10218 ||| INVOKING Heroism.
 10277 | Lair:5   | 10277 ||| FLEEEEING.
 10279 | Lair:5   | 10279 ||| FLEEEEING.
 10280 | Lair:5   | 10280 ||| FLEEEEING.
 10281 | Lair:5   | 10281 ||| FLEEEEING.
 10282 | Lair:5   | 10282 ||| FLEEEEING.
 10283 | Lair:5   | 10283 ||| FLEEEEING.
 10284 | Lair:5   | 10284 ||| FLEEEEING.
 10285 | Lair:5   | 10285 ||| FLEEEEING.
 10286 | Lair:5   | 10286 ||| FLEEEEING.
 10287 | Lair:5   | 10287 ||| FLEEEEING.
 10288 | Lair:5   | 10288 ||| FLEEEEING.
 10289 | Lair:5   | 10289 ||| FLEEEEING.
 10292 | Lair:5   | 10292 ||| INVOKING Heroism.
 10330 | Lair:5   | 10330 ||| INVOKING Heroism.
 10400 | Lair:5   | 10400 ||| INVOKING Heroism.
 10484 | Lair:5   | 10484 ||| INVOKING Heroism.
 10568 | Lair:5   | 10568 ||| INVOKING Heroism.
 10603 | Lair:5   | Reached skill level 17 in Ranged Weapons
 10672 | Lair:5   | 10672 ||| READING 3 scrolls of enchant armour.
 10672 | Lair:5   | 10672 ||| ENCHANTING +0 steam dragon scales.
 10673 | Lair:5   | 10673 ||| READING 2 scrolls of enchant armour.
 10673 | Lair:5   | 10673 ||| ENCHANTING +1 steam dragon scales.
 10674 | Lair:5   | 10674 ||| READING scroll of enchant armour.
 10674 | Lair:5   | 10674 ||| ENCHANTING +2 steam dragon scales.
 10685 | Lair:5   | 10685 ||| INVOKING Heroism.
 10687 | Lair:5   | 10687 ||| SWAPPING to +2 longbow of flaming.
 10691 | Lair:5   | 10691 ||| SWAPPING to +8 longbow "Cocvef" {drain, rF- rCorr
                  | Dex+3}.
 10718 | Lair:5   | 10718 ||| INVOKING Heroism.
 10726 | Lair:5   | Received a gift from Okawaru
 10735 | Lair:5   | Found a viscous altar of Jiyva.
 10735 | Lair:5   | Found a staircase to the Slime Pits.
 10805 | Lair:5   | Mutation became permanent: Your large and strong wings let
                  | you fly. [Gargoyle growth]
 10805 | Lair:5   | Gained mutation: Your large and strong wings let you fly.
                  | [Gargoyle growth]
 10805 | Lair:5   | Reached XP level 14. HP: 86/90 MP: 21/21
 10837 | Lair:5   | 10837 ||| INVOKING Heroism.
 10845 | Lair:5   | 10845 ||| SWAPPING to +2 longbow of flaming.
 10848 | Lair:5   | 10848 ||| SWAPPING to +8 longbow "Cocvef" {drain, rF- rCorr
                  | Dex+3}.
 11048 | Lair:5   | 11048 ||| INVOKING Heroism.
 11264 | Lair:5   | Reached skill level 18 in Ranged Weapons
 11296 | Lair:5   | Found a runed translucent door.
 11296 | Lair:5   | Noticed qw's ghost (journeyman GrFi)
 11316 | Lair:5   | Noticed Josephine
 11325 | Lair:5   | Killed Josephine
 11384 | Lair:5   | 11384 ||| FLEEEEING.
 11385 | Lair:5   | 11385 ||| FLEEEEING.
 11386 | Lair:5   | 11386 ||| FLEEEEING.
 11388 | Lair:5   | 11388 ||| FLEEEEING.
 11389 | Lair:5   | 11389 ||| FLEEEEING.
 11391 | Lair:5   | 11391 ||| INVOKING Heroism.
 11442 | Lair:5   | 11442 ||| DROPPING +2 robe of cold resistance.
 11444 | Lair:5   | 11444 ||| INVOKING Heroism.
 11445 | Lair:5   | 11445 ||| INVOKING Finesse.
 11465 | Lair:5   | Reached skill level 12 in Fighting
 11489 | Lair:5   | Reached skill level 6 in Armour
 11497 | Lair:5   | Received a gift from Okawaru
 11865 | Lair:5   | Identified the +5 arbalest "Bacoes" {freeze, Int-5 Dex+4}
                  | (Okawaru gifted it to you on level 5 of the Lair of Beasts)
 11865 | Lair:5   | Received a gift from Okawaru
 11871 | Lair:5   | 11871 ||| DROPPING +5 arbalest "Bacoes" {freeze, Int-5
                  | Dex+4}.
 12020 | Lair:5   | 12020 ||| PLANNING D:1-11
 12020 | Lair:5   | 12020 ||| DROPPING scarf of repulsion.
 12021 | Lair:5   | 12021 ||| DROPPING ring of wizardry.
 12346 | D:9      | 12346 ||| INVOKING Heroism.
 12347 | D:9      | 12347 ||| INVOKING Finesse.
 12567 | D:9      | 12567 ||| INVOKING Heroism.
 12568 | D:9      | 12568 ||| INVOKING Finesse.
 12572 | D:9      | 12572 ||| SWAPPING to +2 longbow of flaming.
 12577 | D:9      | 12577 ||| SWAPPING to +8 longbow "Cocvef" {drain, rF- rCorr
                  | Dex+3}.
 12634 | D:9      | 12634 ||| INVOKING Heroism.
 12745 | D:9      | Found the +1 robe of Vines {NoPotionHeal Regen++++}
 12809 | D:9      | Noticed Pikel
 12814 | D:9      | Killed Pikel
 12815 | D:9      | Reached skill level 19 in Ranged Weapons
 13048 | D:9      | 13048 ||| UPGRADING to +1 robe of Vines {NoPotionHeal
                  | Regen++++}.
 13058 | D:9      | 13058 ||| DROPPING +3 steam dragon scales.
 13059 | D:9      | 13059 ||| UPGRADING to +4 ring of protection.
 13061 | D:9      | 13061 ||| DROPPING ring of protection from cold.
 13101 | D:10     | Entered Level 10 of the Dungeon
 13183 | D:10     | Found Piukhuf's Mass Market.
 13257 | D:10     | Identified the +3 ring mail "Exiory" {rC+ rCorr Int+3}
 13349 | D:10     | 13349 ||| Stepping ~*~*~tactically~*~*~ (outnumbered).
 13519 | D:10     | 13519 ||| FLEEEEING.
 13528 | D:10     | 13528 ||| Stepping ~*~*~tactically~*~*~ (outnumbered).
 13530 | D:10     | 13530 ||| Stepping ~*~*~tactically~*~*~ (outnumbered).
 13532 | D:10     | 13532 ||| Stepping ~*~*~tactically~*~*~ (outnumbered).
 13534 | D:10     | 13534 ||| Stepping ~*~*~tactically~*~*~ (outnumbered).
 13536 | D:10     | 13536 ||| Stepping ~*~*~tactically~*~*~ (outnumbered).
 13538 | D:10     | 13538 ||| Stepping ~*~*~tactically~*~*~ (outnumbered).
 13540 | D:10     | 13540 ||| Stepping ~*~*~tactically~*~*~ (outnumbered).
 13542 | D:10     | 13542 ||| Stepping ~*~*~tactically~*~*~ (outnumbered).
 13544 | D:10     | 13544 ||| Stepping ~*~*~tactically~*~*~ (outnumbered).
 13546 | D:10     | 13546 ||| Stepping ~*~*~tactically~*~*~ (outnumbered).
 13548 | D:10     | 13548 ||| Stepping ~*~*~tactically~*~*~ (outnumbered).
 13552 | D:10     | 13552 ||| Stepping ~*~*~tactically~*~*~ (outnumbered).
 13556 | D:10     | 13556 ||| Stepping ~*~*~tactically~*~*~ (outnumbered).
 13558 | D:10     | 13558 ||| Stepping ~*~*~tactically~*~*~ (outnumbered).
 13560 | D:10     | 13560 ||| Stepping ~*~*~tactically~*~*~ (outnumbered).
 13562 | D:10     | 13562 ||| Stepping ~*~*~tactically~*~*~ (outnumbered).
 13564 | D:10     | 13564 ||| Stepping ~*~*~tactically~*~*~ (outnumbered).
 13566 | D:10     | 13566 ||| Stepping ~*~*~tactically~*~*~ (outnumbered).
 13568 | D:10     | 13568 ||| Stepping ~*~*~tactically~*~*~ (outnumbered).
 13570 | D:10     | 13570 ||| Stepping ~*~*~tactically~*~*~ (outnumbered).
 13572 | D:10     | 13572 ||| Stepping ~*~*~tactically~*~*~ (outnumbered).
 13574 | D:10     | 13574 ||| Stepping ~*~*~tactically~*~*~ (outnumbered).
 13576 | D:10     | 13576 ||| Stepping ~*~*~tactically~*~*~ (outnumbered).
 13578 | D:10     | 13578 ||| Stepping ~*~*~tactically~*~*~ (outnumbered).
 13580 | D:10     | 13580 ||| Stepping ~*~*~tactically~*~*~ (outnumbered).
 13582 | D:10     | 13582 ||| Stepping ~*~*~tactically~*~*~ (outnumbered).
 13584 | D:10     | 13584 ||| Stepping ~*~*~tactically~*~*~ (outnumbered).
 13586 | D:10     | 13586 ||| Stepping ~*~*~tactically~*~*~ (outnumbered).
 13588 | D:10     | 13588 ||| Stepping ~*~*~tactically~*~*~ (outnumbered).
 13590 | D:10     | 13590 ||| Stepping ~*~*~tactically~*~*~ (outnumbered).
 13592 | D:10     | 13592 ||| INVOKING Heroism.
 13593 | D:10     | 13593 ||| Stepping ~*~*~tactically~*~*~ (outnumbered).
 13735 | D:10     | Reached XP level 15. HP: 96/96 MP: 22/22
 14114 | D:11     | Noticed Erica
 14115 | D:11     | 14115 ||| INVOKING Heroism.
 14119 | D:11     | Killed Erica
 14130 | D:11     | Reached skill level 9 in Dodging
 14174 | D:11     | 14174 ||| INVOKING Heroism.
 14198 | D:11     | 14198 ||| INVOKING Heroism.
 14419 | D:11     | Found Fukhlecs's Magic Scroll Boutique.
 14420 | D:11     | Noticed Harold
 14423 | D:11     | Killed Harold
 14427 | D:11     | 14427 ||| BUYING scroll of enchant weapon (90 gold).
 14427 | D:11     | Bought a scroll of enchant weapon for 90 gold pieces
 14427 | D:11     | 14427 ||| BUYING scroll of enchant weapon (90 gold).
 14427 | D:11     | Bought a scroll of enchant weapon for 90 gold pieces
 14427 | D:11     | 14427 ||| BUYING scroll of teleportation (36 gold).
 14427 | D:11     | Bought a scroll of teleportation for 36 gold pieces
 15093 | D:11     | 15093 ||| PLANNING D
 15257 | D:12     | Identified the +5 broad axe of Ozidghuwk {freeze, Fragile
                  | rCorr Int+6 SInv}
 15390 | D:12     | 15390 ||| Stepping ~*~*~tactically~*~*~ (outnumbered).
 15423 | D:12     | Found a staircase to the Orcish Mines.
 15439 | D:12     | Found a stormy altar of Qazlal.
 15715 | D:12     | 15715 ||| READING scroll labelled SEOLIYZAEB.
 15905 | D:13     | 15905 ||| INVOKING Heroism.
 15947 | D:13     | 15947 ||| Stepping ~*~*~tactically~*~*~ (outnumbered).
 15949 | D:13     | 15949 ||| Stepping ~*~*~tactically~*~*~ (outnumbered).
 16414 | D:13     | 16414 ||| READING scroll labelled FUSTOC BAXAXA.
 16423 | D:14     | Noticed Lodul
 16424 | D:14     | 16424 ||| INVOKING Heroism.
 16436 | D:14     | Killed Lodul
 16799 | D:14     | Reached skill level 20 in Ranged Weapons
 16809 | D:14     | Found Dewasego's Magic Scroll Boutique.
 16820 | D:14     | 16820 ||| BUYING scroll of brand weapon (152 gold).
 16820 | D:14     | Bought a scroll of brand weapon for 152 gold pieces
 16820 | D:14     | 16820 ||| BUYING scroll of enchant weapon (120 gold).
 16820 | D:14     | Bought a scroll of enchant weapon for 120 gold pieces
 16820 | D:14     | 16820 ||| BUYING scroll of teleportation (48 gold).
 16820 | D:14     | Bought a scroll of teleportation for 48 gold pieces
 16905 | D:14     | Identified the +1 sling "Zainury" {heavy, Fly rPois Int+4
                  | Dex-3}
 17020 | D:14     | 17020 ||| Stepping ~*~*~tactically~*~*~ (outnumbered).
 17022 | D:14     | 17022 ||| Stepping ~*~*~tactically~*~*~ (outnumbered).
 17023 | D:14     | 17023 ||| Stepping ~*~*~tactically~*~*~ (outnumbered).
 17030 | D:14     | Identified the +2 arbalest "Gattines" {penet, rC- rCorr
                  | Int+2 SInv} (Okawaru gifted it to you on level 14 of the
                  | Dungeon)
 17030 | D:14     | Received a gift from Okawaru
 17038 | D:14     | 17038 ||| DROPPING +2 arbalest "Gattines" {penet, rC- rCorr
                  | Int+2 SInv}.
 17089 | D:14     | 17089 ||| Stepping ~*~*~tactically~*~*~ (outnumbered).
 17093 | D:14     | 17093 ||| Stepping ~*~*~tactically~*~*~ (outnumbered).
 17113 | D:14     | 17113 ||| Stepping ~*~*~tactically~*~*~ (outnumbered).
 17157 | D:14     | 17157 ||| READING scroll of acquirement.
 17157 | D:14     | 17157 ||| ACQUIRING ring of see invisible
 17157 | D:14     | Acquired a ring of see invisible
 17169 | D:14     | Found a gate to the Vaults.
 17305 | D:14     | 17305 ||| INVOKING Heroism.
 17366 | D:14     | 17366 ||| READING scroll labelled KUAKEI TOJIARHA.
 17367 | D:14     | 17367 ||| READING 11 scrolls of identify.
 17367 | D:14     | 17367 ||| IDENTIFYING fuming pink potion
 17368 | D:14     | 17368 ||| DROPPING potion of invisibility.
 17414 | D:15     | Entered Level 15 of the Dungeon
 17444 | D:15     | Found a transporter.
 17447 | D:15     | Noticed Yamstis's ghost (adept GnMo)
 17571 | D:15     | 17571 ||| Stepping ~*~*~tactically~*~*~ (outnumbered).
 17576 | D:15     | 17576 ||| Stepping ~*~*~tactically~*~*~ (outnumbered).
 17645 | D:15     | Reached XP level 16. HP: 105/105 MP: 23/23
 17665 | D:15     | Found an ancient bone altar of Kikubaaqudgha.
 18062 | D:15     | Found a transporter.
 18125 | D:15     | Reached ****** piety under Okawaru
 18373 | D:15     | Found a staircase to the Depths.
 18382 | D:15     | Reached skill level 15 in Fighting
 18391 | D:15     | 18391 ||| PLANNING ORC
 18469 | Orc:1    | Entered Level 1 of the Orcish Mines
 18511 | Orc:1    | Found Jihenkot's Self-Improvement Boutique.
 18515 | Orc:1    | 18515 ||| INVOKING Heroism.
 18520 | Orc:1    | 18520 ||| Stepping ~*~*~tactically~*~*~ (outnumbered).
 18845 | Orc:2    | Entered Level 2 of the Orcish Mines
 18851 | Orc:2    | 18851 ||| INVOKING Heroism.
 19076 | Orc:2    | Found Jelaxetz's Overcharged Wands.
 19085 | Orc:2    | 19085 ||| BUYING wand of digging (11) (693 gold).
 19085 | Orc:2    | Bought a wand of digging (11) for 693 gold pieces
 19085 | Orc:2    | 19085 ||| BUYING wand of digging (11) (693 gold).
 19085 | Orc:2    | Bought a wand of digging (11) for 693 gold pieces
 19085 | Orc:2    | 19085 ||| SHOPLISTING wand of digging (11) (693 gold, have
                  | 486).
 19106 | Orc:2    | Identified the +0 chain mail of the Blacksmith {rC+}
                  | (Okawaru gifted it to you on level 2 of the Orcish Mines)
 19106 | Orc:2    | Received a gift from Okawaru
 19126 | Orc:2    | Found a staircase to the Elven Halls.
 19199 | Orc:2    | 19199 ||| INVOKING Heroism.
 19200 | Orc:2    | Noticed Urug
 19201 | Orc:2    | 19201 ||| INVOKING Finesse.
 19204 | Orc:2    | Killed Urug
 19231 | Orc:2    | Noticed Saint Roka
 19253 | Orc:2    | Killed Saint Roka
 19256 | Orc:2    | 19256 ||| Stepping ~*~*~tactically~*~*~ (outnumbered).
 19273 | Orc:2    | Noticed Rupert
 19274 | Orc:2    | 19274 ||| INVOKING Finesse.
 19285 | Orc:2    | Killed Rupert
 19314 | Orc:2    | Noticed Blork the orc
 19323 | Orc:2    | Killed Blork the orc
 19351 | Orc:2    | 19351 ||| INVOKING Heroism.
 19373 | Orc:2    | Found Kaexazun's Antique Armour Shop.
 19376 | Orc:2    | Found Zewn's Antique Weapon Shop.
 19400 | Orc:2    | 19400 ||| BUYING cloak (126 gold).
 19400 | Orc:2    | Bought a cloak for 126 gold pieces
 19400 | Orc:2    | 19400 ||| BUYING glowing helmet (210 gold).
 19400 | Orc:2    | Bought a glowing helmet for 210 gold pieces
 19400 | Orc:2    | 19400 ||| BUYING pair of runed gloves (210 gold).
 19400 | Orc:2    | Bought a pair of runed gloves for 210 gold pieces
 19534 | Orc:2    | Found Dimipev's Jewellery Shop.
 19541 | Orc:2    | 19541 ||| SHOPLISTING +4 ring of slaying (1248 gold, have
                  | 161).
 19541 | Orc:2    | 19541 ||| SHOPLISTING +6 ring of dexterity (576 gold, have
                  | 161).
 19591 | Orc:2    | Found Piusexet's General Store.
 19597 | Orc:2    | 19597 ||| BUYING potion of mutation (144 gold).
 19597 | Orc:2    | Bought a potion of mutation for 144 gold pieces
 19685 | Orc:2    | 19685 ||| PLANNING SNAKE:1-3
 19685 | Orc:2    | 19685 ||| DROPPING +1 pair of gloves of infusion.
 19899 | Snake:1  | Entered Level 1 of the Snake Pit
 19942 | Snake:1  | 19942 ||| INVOKING Heroism.
 19969 | Snake:1  | Found a frozen archway.
 19995 | Snake:1  | 19995 ||| Stepping ~*~*~tactically~*~*~ (outnumbered).
 20001 | Snake:1  | 20001 ||| Stepping ~*~*~tactically~*~*~ (outnumbered).
 20146 | Snake:1  | 20146 ||| Stepping ~*~*~tactically~*~*~ (outnumbered).
 20150 | Snake:1  | 20150 ||| Stepping ~*~*~tactically~*~*~ (outnumbered).
 20154 | Snake:1  | 20154 ||| INVOKING Heroism.
 20159 | Snake:1  | 20159 ||| Stepping ~*~*~tactically~*~*~ (outnumbered).
 20448 | Snake:1  | 20448 ||| Stepping ~*~*~tactically~*~*~ (outnumbered).
 20451 | Snake:1  | 20451 ||| Stepping ~*~*~tactically~*~*~ (outnumbered).
 20453 | Snake:1  | 20453 ||| Stepping ~*~*~tactically~*~*~ (outnumbered).
 20457 | Snake:1  | Received a gift from Okawaru
 20465 | Snake:1  | 20465 ||| SWAPPING to +5 triple crossbow of flaming.
 20466 | Snake:1  | 20466 ||| DROPPING +8 longbow "Cocvef" {drain, rF- rCorr
                  | Dex+3}.
 20467 | Snake:1  | 20467 ||| DROPPING +2 longbow of flaming.
 20468 | Snake:1  | 20468 ||| READING 5 scrolls of enchant weapon.
 20468 | Snake:1  | 20468 ||| ENCHANTING +5 triple crossbow of flaming.
 20469 | Snake:1  | 20469 ||| READING 4 scrolls of enchant weapon.
 20469 | Snake:1  | 20469 ||| ENCHANTING +6 triple crossbow of flaming.
 20470 | Snake:1  | 20470 ||| READING 3 scrolls of enchant weapon.
 20470 | Snake:1  | 20470 ||| ENCHANTING +7 triple crossbow of flaming.
 20471 | Snake:1  | 20471 ||| READING 2 scrolls of enchant weapon.
 20471 | Snake:1  | 20471 ||| ENCHANTING +8 triple crossbow of flaming.
 20472 | Snake:1  | 20472 ||| READING 2 scrolls of brand weapon.
 20472 | Snake:1  | 20472 ||| BRANDING +9 triple crossbow of flaming.
 20473 | Snake:1  | 20473 ||| READING scroll of brand weapon.
 20473 | Snake:1  | 20473 ||| BRANDING +9 triple crossbow of draining.
 20913 | Snake:2  | Reached XP level 17. HP: 116/116 MP: 24/24
 20950 | Snake:2  | Identified the +1 robe of Darkness {rF- Will+ Regen+}
                  | (Okawaru gifted it to you on level 2 of the Snake Pit)
 20950 | Snake:2  | Received a gift from Okawaru
 21507 | Snake:3  | 21507 ||| INVOKING Heroism.
 21508 | Snake:3  | 21508 ||| Stepping ~*~*~tactically~*~*~ (outnumbered).
 21523 | Snake:3  | Reached skill level 21 in Ranged Weapons
 21619 | Snake:3  | 21619 ||| INVOKING Heroism.
 21665 | Snake:3  | 21665 ||| INVOKING Heroism.
 21671 | Snake:3  | 21671 ||| SWAPPING to +0 shortbow of flaming.
 21691 | Snake:3  | 21691 ||| SWAPPING to +9 triple crossbow of freezing.
 21736 | Snake:3  | 21736 ||| INVOKING Heroism.
 21865 | Snake:3  | 21865 ||| READING 3 scrolls of acquirement.
 21865 | Snake:3  | 21865 ||| ACQUIRING 1021 gold pieces
 21865 | Snake:3  | Acquired 1021 gold pieces
 21866 | Snake:3  | 21866 ||| READING 2 scrolls of acquirement.
 21866 | Snake:3  | 21866 ||| ACQUIRING 626 gold pieces
 21866 | Snake:3  | Acquired 626 gold pieces
 21867 | Snake:3  | 21867 ||| READING scroll of acquirement.
 21867 | Snake:3  | 21867 ||| ACQUIRING ring of willpower
 21867 | Snake:3  | Acquired a ring of willpower
 22003 | Snake:3  | 22003 ||| INVOKING Heroism.
 22213 | Snake:3  | Found Bidd's Jewellery Shoppe.
 22215 | Snake:3  | Found Tythepor's Book Shop.
 22216 | Snake:3  | 22216 ||| INVOKING Heroism.
 22217 | Snake:3  | 22217 ||| Stepping ~*~*~tactically~*~*~ (outnumbered).
 22217 | Snake:3  | Found Lyilaino's Jewellery Shoppe.
 22228 | Snake:3  | 22228 ||| Stepping ~*~*~tactically~*~*~ (outnumbered).
 22238 | Snake:3  | 22238 ||| BUYING +5 ring of evasion (684 gold).
 22238 | Snake:3  | Bought a +5 ring of evasion for 684 gold pieces
 22238 | Snake:3  | 22238 ||| BUYING +5 ring of evasion (684 gold).
 22238 | Snake:3  | Bought a +5 ring of evasion for 684 gold pieces
 22238 | Snake:3  | 22238 ||| SHOPLISTING +6 ring of dexterity (684 gold, have
                  | 539).
 22242 | Snake:3  | 22242 ||| BUYING ring "Xippa" {Contam Str-4 Dex+8 SInv
                  | Stlth+} (469 gold).
 22242 | Snake:3  | Bought the ring "Xippa" {Contam Str-4 Dex+8 SInv Stlth+}
                  | for 469 gold pieces
 22343 | Snake:3  | 22343 ||| PLANNING SWAMP:1-3
 22343 | Snake:3  | 22343 ||| UPGRADING to +2 pair of gloves.
 22353 | Snake:3  | 22353 ||| DROPPING +1 pair of gloves.
 22354 | Snake:3  | 22354 ||| DROPPING +6 ring of strength.
 22355 | Snake:3  | 22355 ||| DROPPING ring of willpower.
 22356 | Snake:3  | 22356 ||| DROPPING ring of see invisible.
 22357 | Snake:3  | 22357 ||| UPGRADING to +5 ring of evasion.
 22359 | Snake:3  | 22359 ||| UPGRADING to +5 ring of evasion.
 22361 | Snake:3  | 22361 ||| DROPPING ring of protection from cold.
 22362 | Snake:3  | 22362 ||| UPGRADING to ring "Xippa" {Contam Str-4 Dex+8
                  | SInv Stlth+}.
 22364 | Snake:3  | 22364 ||| UPGRADING to +2 helmet.
 22374 | Snake:3  | 22374 ||| DROPPING +4 ring of protection.
 22375 | Snake:3  | 22375 ||| DROPPING +5 ring of evasion.
 22498 | Swamp:1  | Entered Level 1 of the Swamp
 22538 | Swamp:1  | Reached skill level 22 in Ranged Weapons
 22559 | Swamp:1  | 22559 ||| INVOKING Heroism.
 22605 | Swamp:1  | Received a gift from Okawaru
 22617 | Swamp:1  | 22617 ||| INVOKING Heroism.
 22729 | Swamp:1  | 22729 ||| INVOKING Heroism.
 22814 | Swamp:1  | 22814 ||| INVOKING Heroism.
 23029 | Swamp:2  | 23029 ||| STAIRDANCE
 23038 | Swamp:2  | 23038 ||| INVOKING Heroism.
 23056 | Swamp:2  | 23056 ||| INVOKING Heroism.
 23086 | Swamp:2  | Reached skill level 12 in Dodging
 23121 | Swamp:2  | 23121 ||| INVOKING Heroism.
 23212 | Swamp:2  | 23212 ||| INVOKING Heroism.
 23219 | Swamp:2  | 23219 ||| SWAPPING to +0 shortbow of flaming.
 23228 | Swamp:2  | 23228 ||| SWAPPING to +9 triple crossbow of freezing.
 23279 | Swamp:2  | 23279 ||| INVOKING Heroism.
 23284 | Swamp:2  | Reached XP level 18. HP: 122/122 MP: 23/25
 23284 | Swamp:2  | 23284 ||| DROPPING +0 shortbow of flaming.
 23568 | Swamp:3  | 23568 ||| INVOKING Heroism.
 23642 | Swamp:3  | 23642 ||| INVOKING Heroism.
 23739 | Swamp:3  | 23739 ||| INVOKING Heroism.
 23926 | Swamp:3  | Noticed Nikola
 23927 | Swamp:3  | 23927 ||| INVOKING Heroism.
 23933 | Swamp:3  | Killed Nikola
 24178 | Swamp:4  | Entered Level 4 of the Swamp
 24206 | Swamp:3  | 24206 ||| INVOKING Heroism.
 24242 | Swamp:3  | 24242 ||| Stepping ~*~*~tactically~*~*~ (outnumbered).
 24251 | Swamp:3  | 24251 ||| Stepping ~*~*~tactically~*~*~ (outnumbered).
 24261 | Swamp:3  | 24261 ||| INVOKING Heroism.
 24293 | Swamp:3  | 24293 ||| PLANNING SNAKE:4
 24479 | Snake:4  | Entered Level 4 of the Snake Pit
 24487 | Snake:4  | 24487 ||| Stepping ~*~*~tactically~*~*~ (outnumbered).
 24494 | Snake:4  | 24494 ||| Stepping ~*~*~tactically~*~*~ (outnumbered).
 24544 | Snake:4  | Reached skill level 18 in Fighting
 24570 | Snake:4  | 24570 ||| INVOKING Heroism.
 24572 | Snake:4  | 24572 ||| Stepping ~*~*~tactically~*~*~ (outnumbered).
 24573 | Snake:4  | 24573 ||| Stepping ~*~*~tactically~*~*~ (outnumbered).
 24578 | Snake:4  | 24578 ||| Stepping ~*~*~tactically~*~*~ (outnumbered).
 24579 | Snake:4  | 24579 ||| Stepping ~*~*~tactically~*~*~ (outnumbered).
 24583 | Snake:4  | 24583 ||| Stepping ~*~*~tactically~*~*~ (outnumbered).
 24584 | Snake:4  | 24584 ||| Stepping ~*~*~tactically~*~*~ (outnumbered).
 24584 | Snake:4  | Identified the +1 robe of the Thinker {Will+ rCorr}
 24586 | Snake:4  | 24586 ||| Stepping ~*~*~tactically~*~*~ (outnumbered).
 24600 | Snake:4  | 24600 ||| Stepping ~*~*~tactically~*~*~ (outnumbered).
 24602 | Snake:4  | HP: 15/125 [naga warrior/+0 glaive of venom (38)]
 24603 | Snake:4  | 24603 ||| READING 21 scrolls of teleportation.
 24603 | Snake:4  | Demolished by a naga warrior

Levels and vault maps discovered:
D:1:      minmay_arrival_stair_chambers, layout_basic,
          hellmonk_ecumenical_altar_dog_temple
D:2:      layout_loops_ring, chequers_arboretum
D:3:      gammafunk_steamed_eel, layout_loops_ring, uniq_jessica
D:4:      layout_loops_ring, brannock_xom_greatest_gift, uniq_duvessa
D:5:      layout_rooms, trog_three_pillars_becter,
          minmay_temple_entry_drinking_statues, minmay_small_thing
D:6:      layout_basic, minmay_between, uniq_sigmund
D:7:      layout_layer_cave, enter_ossuary_1, corexii_leaking_fountain,
          minmay_strange_pillars, minmay_three_doors
D:8:      layout_loops_corners, tso_metal_star, due_lair_maze_entry_diamond,
          serial_shops, nicolae_shop_behind_doors, serial_rivers,
          chequers_serial_rivers_small_a, chequers_serial_rivers_small_3,
          chequers_serial_rivers_room_a, chequers_serial_rivers_small_a
D:9:      nzn_winding_woodlands_small
          [nzn_winding_woodlands_5x15_pathside_ponds,
          nzn_winding_woodlands_center_triple_pond,
          nzn_winding_woodlands_5x15_river_crossing], layout_basic,
          hellmonk_guarded_unrand_vines, uniq_pikel
D:10:     layout_basic, nicolae_hexahallways, minmay_shop_mass,
          palyth_stone_intersect, minmay_rotating_lava
D:11:     layout_grid_maze, serial_ice, serial_ice_b, serial_ice_e,
          serial_ice_n, serial_ice_m, serial_shops, nicolae_shop_crystal,
          uniq_erica, uniq_harold
D:12:     layout_long_grid, orc_0_dummy, nicolae_qazlal_eye_of_the_storm
D:13:     nicolae_hitomezashi [nicolae_hito_row, nicolae_hito_row,
          nicolae_hito_row, nicolae_hito_row, nicolae_hito_row,
          nicolae_hito_row, nicolae_hito_row, nicolae_hito_row,
          nicolae_hito_row, nicolae_hito_row, nicolae_hito_row,
          nicolae_hito_row, nicolae_hito_row, nicolae_hito_row,
          nicolae_hito_row, nicolae_hito_row, nicolae_hito_row,
          nicolae_hito_row], layout_cave_pods, minmay_diced_spiral
D:14:     layout_irregular_city, grunt_vaults_entry_tiered, serial_shops, shop,
          small_statue_intersection, uniq_lodul
D:15:     grunt_enter_depths_snipers, layout_stronghold,
          gammafunk_ghost_mausoleum, kiku_gazebo_pond_becter, minmay_radiant
Temple:   hellmonk_temple_divided_pantheon
Lair:1:   layout_roguey, lemuel_fruit_fields, lemuel_fruit_tree
Lair:2:   layout_cave_shapes, uniq_fannar, uniq_prince_ribbit2
Lair:3:   layout_loops_ring, swamp_mist_pool, minmay_snake_entry_spellcaster,
          minmay_lindwurm_lava, uniq_amaemon, uniq_nessos
Lair:4:   layout_hall_layers
Lair:5:   wormcave, layout_cave_pods, hangedman_lair_tendril_chambers,
          slime_entry_1, hellmonk_ghost_happy_afterlife,
          kennysheep_abandoned_house, uniq_josephine
Swamp:1:  layout_falls_marsh, nicolae_swamp_feature_on_the_river_bank,
          swamp_pool4
Swamp:2:  layout_basic_swamp, nicolae_swamp_tree_isthmus, swamp_pool2,
          nicolae_swamp_vermiculated
Swamp:3:  nicolae_swamp_secret_spriggan_hideout, layout_basic_swamp,
          serial_swamp_ruin, evilmike_swamp_ruin_house_6,
          hangedman_swamp_ruin_wall, infiniplex_staircase_pool, uniq_nikola
Swamp:4:  swamp, layout_basic_swamp
Snake:1:  layout_gridlike, portal_ice_cave_entry_pillars_2, abandoned_shop
Snake:2:  cheibrodos_snake_ritualist_ritual, layout_misc_corridors
Snake:3:  layout_misc_corridors, nicolae_snake_herptile_family_reunion,
          minmay_shop_grove, nicolae_triple_integral
Snake:4:  snake_pit, layout_layer_cave, serial_bayou_shore_b
Orc:1:    layout_diamond_mine, basic_altar, nicolae_shop_self_help
Orc:2:    grunt_orc_cross, layout_diamond_mine, basic_altar,
          nicolae_shop_overcharged_wands, uniq_rupert

Skill      XL: |  1  2  3  4  5  6  7  8  9 10 11 12 13 14 15 16 17 18 |
---------------+-------------------------------------------------------+-----
Ranged Weapons | 5 6 7 8 9 11 12 13 15 17 19 20 22 | 22.0
Fighting       | 3 4 5 6 7 8 9 10 11 12 13 16 18 | 18.0
Armour         | 1 2 3 4 5 6 |  6.1
Dodging        | 2 3 4 5 6 8 10 11 12 13 | 13.3
Invocations    | 4 5 9 10 | 10.0
Stealth        | |  1.1

Action                     |  1- 3 |  4- 6 |  7- 9 | 10-12 | 13-15 | 16-18 || total
---------------------------+-------+-------+-------+-------+-------+-------++-------
   Fire: Shortbow          |   111 |   146 |       |       |       |    27 ||   284
         Longbow           |       |    16 |   213 |   294 |  1094 |   410 ||  2027
         Triple crossbow   |       |       |       |       |       |   512 ||   512
 Invoke: Heroism           |       |       |    10 |    16 |    26 |    28 ||    80
         Finesse           |       |       |       |     3 |     3 |     2 ||     8
    Use: Scroll            |     2 |    14 |     2 |    10 |     8 |    10 ||    46
         Potion            |       |     2 |     3 |     1 |       |       ||     6
 Armour: Leather armour    |    20 |    37 |    28 |       |       |       ||    85
         Ring mail         |       |       |    18 |       |       |       ||    18
         Steam dragon scal |       |       |       |    26 |    62 |       ||    88
         Robe              |       |       |       |       |    42 |   154 ||   196
  Dodge: Dodged            |    28 |    42 |    95 |    71 |   321 |   557 ||  1114
         Repelled          |       |       |     1 |     1 |     5 |    19 ||    26
  Block: Other             |       |       |    20 |    18 |    86 |   113 ||   237
         Reflection        |       |       |       |     1 |     7 |    10 ||    18

Table legend:
 A = Non-vault XP
 B = Vault XP
 C = Vault XP percentage of total XP
 D = Non-vault monster count
 E = Vault monster count
 F = Vault count percentage of total count
                 A         B        C        D         E       F
            +---------+---------+-------+---------+---------+-------
      Total |  176983 |  104628 |  37.2 |     675 |     298 |  30.6
            +---------+---------+-------+---------+---------+-------
        D:1 |      52 |       8 |  13.3 |      30 |       4 |  11.8
        D:2 |      73 |       0 |   0.0 |      20 |       0 |   0.0
        D:3 |      39 |      37 |  48.7 |      12 |       1 |   7.7
        D:4 |     140 |       0 |   0.0 |      13 |       0 |   0.0
        D:5 |     532 |     145 |  21.4 |      13 |       1 |   7.1
        D:6 |     621 |     686 |  52.5 |      14 |       7 |  33.3
        D:7 |     506 |     376 |  42.6 |      25 |       3 |  10.7
        D:8 |    1436 |    1490 |  50.9 |      25 |      10 |  28.6
        D:9 |    2199 |    5895 |  72.8 |      21 |      16 |  43.2
       D:10 |    2659 |    1995 |  42.9 |      23 |       5 |  17.9
       D:11 |    9010 |    2848 |  24.0 |      23 |      10 |  30.3
       D:12 |    1937 |       0 |   0.0 |      10 |       0 |   0.0
       D:13 |    1891 |    1871 |  49.7 |       3 |       3 |  50.0
       D:14 |   12461 |    9317 |  42.8 |      34 |      32 |  48.5
       D:15 |    9653 |    3680 |  27.6 |      23 |       4 |  14.8
     Lair:1 |    5509 |       0 |   0.0 |      28 |       0 |   0.0
     Lair:2 |    7842 |    2222 |  22.1 |      23 |       6 |  20.7
     Lair:3 |    4830 |    5280 |  52.2 |      17 |       8 |  32.0
     Lair:4 |    6078 |       0 |   0.0 |      24 |       0 |   0.0
     Lair:5 |   19254 |   17327 |  47.4 |      61 |      67 |  52.3
    Swamp:1 |   11294 |       0 |   0.0 |      27 |       0 |   0.0
    Swamp:2 |   10527 |    4359 |  29.3 |      22 |      15 |  40.5
    Swamp:3 |    9324 |   10457 |  52.9 |      19 |      15 |  44.1
    Swamp:4 |    3026 |       0 |   0.0 |       4 |       0 |   0.0
    Snake:1 |   20358 |       0 |   0.0 |      39 |       0 |   0.0
    Snake:2 |   10316 |    2671 |  20.6 |      25 |       5 |  16.7
    Snake:3 |   15259 |   14394 |  48.5 |      26 |      21 |  44.7
    Snake:4 |    5438 |    8079 |  59.8 |      12 |      11 |  47.8
      Orc:1 |    1627 |       0 |   0.0 |      23 |       0 |   0.0
      Orc:2 |    3092 |   11471 |  78.8 |      36 |      34 |  48.6
    Ossuary |       0 |      20 | 100.0 |       0 |      20 | 100.0
            +---------+---------+-------+---------+---------+-------
